 Dungeon Crawl Stone Soup version 0.31-a0-89-g637a80eef8 (webtiles) character file.

Game seed: 8281641553807474037

135 Colgate the Magician (level 5, 0/38 HPs)
             Began as a Meteoran Necromancer on May 25, 2023.
             Slain by a gnoll
             ... wielding a +0 club
              (2 damage)
             ... on level 4 of the Dungeon.
             The game lasted 00:07:22 (733 turns).

Colgate the Magician (Meteoran Necromancer)          Turns: 733, Time: 00:07:23

Health: 0/38       AC:  2    Str:  9    XL:     5   Next: 70%
Magic:  3/14       EV: 12    Int: 18    God:
Gold:   46         SH:  0    Dex: 15    Spells: 8/16 levels left

rFire   . . .        n - +0 mace
rCold   . . .        (no shield)
rNeg    . . .        a - +0 robe
rPois   .            (no helmet)
rElec   .            (no cloak)
rCorr   .            (no gloves)
SInv    .            (no boots)
Will    .....        (no amulet)
Stlth   +            (no ring)
HPRegen 0.26/turn    (no ring)
MPRegen 0.14/turn

%: no passive effects
@: glowing
A: sense surroundings 1, otherworldly, glowing, explore regen
a: no special abilities


You were on level 4 of the Dungeon.
You visited 1 branch of the dungeon, and saw 5 of its levels.

You collected 46 gold pieces.

Inventory:

Hand Weapons
 e - a +0 dagger
 g - a +0 short sword
 n - a +0 mace (weapon)
Missiles
 f - 4 boomerangs of dispersal
Armour
 a - a +0 robe (worn)
Magical Staves
 h - a staff of fire
Wands
 k - a wand of flame (21)
Scrolls
 j - a scroll of immolation {unknown}
 l - a scroll of noise {unknown}
 m - a scroll of enchant weapon {unknown}
Potions
 b - a potion of magic
 c - a potion of mutation {unknown}
 d - 2 potions of curing {unknown}
 i - a potion of lignification {unknown}


   Skills:
 - Level 2.4 Dodging
 - Level 1.4 Stealth
 + Level 6.4 Spellcasting
 - Level 4.3 Necromancy


You had 8 spell levels left.
You knew the following spells:

 Your Spells              Type           Power      Damage    Failure   Level
a - Necrotise             Necr           84%        1d8       1%          1
b - Vampiric Draining     Necr           21%        2d7       6%          3
c - Animate Dead          Necr           21%        N/A       19%         4

Your spell library contained the following spells:

 Spells                   Type           Power      Damage    Failure   Level
 Sting                    Tmut/Pois      8%         1d3       16%         1
 Poisonous Vapours        Pois/Air       4%         N/A       24%         2
 Dazzling Flash           Conj/Hex       4%         N/A       43%         3
 Volatile Blastmotes      Fire/Tloc      4%         2d10      43%         3
 Agony                    Necr           21%        N/A       47%         5
 Olgreb's Toxic Radiance  Pois           5%         N/A       75%         4
 Iskenderun's Mystic Bla  Conj/Tloc      2%         2d3       85%         4
 Starburst                Conj/Fire      1%         6d3       100%        6


Dungeon Overview and Level Annotations

Branches:
Dungeon (5/15) Zot: 2263
 Temple: D:4-7

Altars:

Annotations:
D:5 Dowan


Innate Abilities, Weirdness & Mutations

You passively map a small area around you.
You are easily found by Zot.
You glow in the dark.
You regain HP and MP as you explore.


Message History

You draw life force from the howler monkey.
You feel life coursing into your body. The howler monkey hits you.
Casting: Vampiric Draining (dangerous; 6% risk of failure)
Aiming: Vampiric Draining (dangerous; 6% risk of failure)
Aim: a howler monkey (severely wounded)
You draw life force from the howler monkey!
You kill the howler monkey!
You feel life coursing into your body. The gnoll hits you with a +0 club!
Your Spellcasting skill increases to level 6!
Casting: Vampiric Draining (dangerous; 6% risk of failure)
Aiming: Vampiric Draining (dangerous; 6% risk of failure)
Aim: a gnoll, wielding a +0 club You draw life force from the gnoll!
You feel life coursing into your body. The gnoll hits you with a +0 club.
A gnoll comes into view. It is wielding a +0 club.
Casting: Vampiric Draining (dangerous; 6% risk of failure)
Aiming: Vampiric Draining (dangerous; 6% risk of failure)
Aim: a gnoll, wielding a +0 club (heavily wounded)
You draw life force from the gnoll.
You kill the gnoll!
You feel life coursing into your body.
The gnoll shouts!
You see here a Young Poisoner's Handbook.
You pick up a Young Poisoner's Handbook and begin reading...
You add the spells Sting, Poisonous Vapours and Olgreb's Toxic Radiance to your library.
Casting: Vampiric Draining (dangerous; 6% risk of failure)
You don't have enough magic to cast this spell.
You barely miss the gnoll. The gnoll closely misses you.
A gnoll comes into view. It is wielding a +0 club.
The gnoll shouts!
You hit the gnoll but do no damage. The gnoll barely misses you.
You barely miss the gnoll. The gnoll misses you.
You barely miss the gnoll. The gnoll hits you with a +0 club.
The gnoll hits you with a +0 club!
* * * LOW HITPOINT WARNING * * *
You closely miss the gnoll. The gnoll closely misses you.
The gnoll hits you with a +0 club.
* * * LOW HITPOINT WARNING * * *
The gnoll hits you with a +0 club.
You die...

###.............
*
###............#
...............#
.#......#....#.#
*
.#..###...##.#.#
* , ....#
##...<)#.### , ,
. .#>##
####......# ...,
##.#
#..#.#g##.....
#..#
##..)g@.......
..##
#..#####..... ##
#..# ... # #.##
. #.# , #.# * #.


You could see 2 gnolls.

Vanquished Creatures
  A howler monkey (D:4)
  2 gnolls
  3 adders
  A worm (D:4)
  2 dart slugs
  3 orcs
  3 bats
  7 endoplasms
  A giant cockroach (D:2)
  3 goblins
  2 hobgoblins
  4 quokkas
  3 ball pythons
  2 frilled lizards
  3 kobolds
  A rat (D:3)
41 creatures vanquished.

Vanquished Creatures (collateral kills)
  A goblin (D:2)
1 creature vanquished.

Grand Total: 42 creatures vanquished

Notes
Turn   | Place    | Note
-------+----------+-------------------------------------------
     0 | D:1      | Colgate the Meteoran Necromancer began the quest for the
                  | Orb.
     0 | D:1      | Reached XP level 1. HP: 14/14 MP: 5/5
    89 | D:1      | Reached skill level 3 in Spellcasting
    96 | D:1      | Reached XP level 2. HP: 15/20 MP: 1/7
   244 | D:2      | Reached skill level 4 in Spellcasting
   244 | D:2      | Reached XP level 3. HP: 26/26 MP: 5/9
   263 | D:3      | Found a faded altar of an unknown god.
   309 | D:3      | Learned a level 3 spell: Vampiric Draining
   387 | D:3      | Reached XP level 4. HP: 21/33 MP: 2/11
   404 | D:3      | Reached skill level 5 in Spellcasting
   621 | D:4      | Reached XP level 5. HP: 35/38 MP: 8/14
   626 | D:4      | Learned a level 4 spell: Animate Dead
   638 | D:5      | Entered Level 5 of the Dungeon
   672 | D:5      | Noticed Dowan
   725 | D:4      | Reached skill level 6 in Spellcasting
   733 | D:4      | Slain by a gnoll

Illustrated notes

Levels and vault maps discovered:
D:1:      saegor_arrival_simple_b, layout_loops_corners
D:2:      cheibrodos_helix_gallery, layout_basic, basic_altar,
          nicolae_shop_vocational
D:3:      layout_basic, nicolae_ecumenical_oubliette, minmay_puff
D:4:      layout_rooms, kennysheep_another_room
D:5:      layout_loops_corners, serial_glass, glass_columns_c, glass_columns_a,
          feat_on_display, feat_on_display, feat_on_display, item_on_display_a,
          amcnicky_mini_pool_small, kennysheep_generic_room_16, uniq_duvessa

Skill      XL: |  1  2  3  4  5 |
---------------+----------------+-----
Spellcasting   | 3 4 5 6 |  6.4
Dodging        | |  2.4
Stealth        | |  1.4
Necromancy     | |  4.3

Action                     |  1- 3 |  4- 6 || total
---------------------------+-------+-------++-------
  Melee: Short sword       |     1 |    11 ||    12
         Mace              |       |    10 ||    10
   Cast: Necrotise         |    49 |    30 ||    79
         Vampiric Draining |     1 |     6 ||     7
 Armour: Robe              |     1 |    10 ||    11
  Dodge: Dodged            |    13 |    24 ||    37

Table legend: (Time is in decaauts)
 A = Elapsed time spent in this place.
 B = Non-inter-level travel time spent in this place.
 C = Inter-level travel time spent in this place.
 D = Time resting spent in this place.
 E = Time spent auto-exploring this place.
 F = Levels seen in this place.
 G = Mean time per level.
                   A        B        C        D        E       F      G
               +--------+--------+--------+--------+--------+-----+--------+
         Total |    735 |    735 |      0 |      0 |      0 |   5 |  147.0 |
       Dungeon |    735 |    735 |      0 |      0 |      0 |   5 |  147.0 |
               +--------+--------+--------+--------+--------+-----+--------+

Top non-repeatable levels by time:
     D:1: 224 daAuts
     D:3: 215 daAuts
     D:2: 132 daAuts
     D:4: 103 daAuts
     D:5: 60 daAuts
